 Dungeon Crawl Stone Soup version 0.24.0-123-gd5b16e6ec5 (webtiles) character file.

Game seed: 10526047546028279545, levelgen mode: deterministic

70994 Johnny the Impaler (level 14, -12/125 HPs)
             Began as a Demigod Gladiator on Jan 22, 2020.
             Mangled by a shadow wraith (17 damage)
             ... on level 13 of the Dungeon.
             The game lasted 00:28:18 (22284 turns).

Johnny the Impaler (Demigod Gladiator)             Turns: 22284, Time: 00:28:18

Health: -12/125    AC: 14    Str: 25    XL:     14   Next: 54%
Magic:  0/17       EV: 13    Int: 12    God:
Gold:   1877       SH:  0    Dex: 17    Spells: 13/13 levels left

rFire    x . .     SeeInvis .   j - +5 trident (vamp)
rCold    + . .     Gourm    .   (no shield)
rNeg     . . .     Faith    .   a - +4 troll leather armour
rPois    .         Spirit   +   i - +2 hat
rElec    .         Reflect  .   t - +0 cloak
rCorr    .         Harm     .   q - +0 pair of gloves
MR       +....                  (no boots)
Stlth    +.........             v - amulet of guardian spirit
HPRegen  0.70/turn              I - ring of ice
MPRegen  0.15/turn              M - +2 ring of protection

@: about to teleport, slowed, very slow
A: high mp 1
a: no special abilities


You were on level 13 of the Dungeon.
You were not hungry.

You visited 4 branches of the dungeon, and saw 22 of its levels.
You also visited: Ice Cave.

You collected 1998 gold pieces.
You spent 121 gold pieces at shops.

Inventory:

Hand Weapons
 j - a +5 vampiric trident (weapon)
 z - a +0 halberd of flaming
Missiles
 Q - a throwing net (quivered)
Armour
 a - a +4 troll leather armour (worn)
 i - a +2 hat (worn)
 q - a +0 pair of gloves (worn)
 t - a +0 cloak (worn)
Jewellery
 h - an uncursed ring of protection from fire
 l - an uncursed ring of flight
 p - a +3 ring of strength
 v - an amulet of guardian spirit (around neck)
 D - an uncursed amulet of regeneration {unknown}
 G - an uncursed amulet of harm
 I - a ring of ice (left hand)
 M - a +2 ring of protection (right hand)
 O - an uncursed ring of protection from magic
 R - an uncursed ring of protection from magic
 T - a cursed ring of protection from cold {unknown}
Wands
 b - a wand of flame (52)
 d - a wand of clouds (3)
 J - a wand of polymorph (8)
Scrolls
 c - 2 scrolls of identify
 e - 7 scrolls of magic mapping
 m - 2 scrolls of enchant armour
 n - 8 scrolls of teleportation
 r - 6 scrolls of amnesia
 E - 5 scrolls of remove curse
 H - a scroll of immolation
 P - a scroll of noise
Potions
 g - a potion of haste
 k - 3 potions of brilliance
 o - 2 potions of cancellation
 s - 3 potions of lignification
 u - a potion of ambrosia
 w - a potion of degeneration
 x - 3 potions of resistance
 A - 3 potions of flight
 C - 2 potions of curing
 L - 3 potions of mutation
Comestibles
 f - 39 rations
 K - 2 chunks of flesh


   Skills:
 + Level 11.8 Fighting
 * Level 19.9 Polearms
 - Level 1.7 Throwing
 + Level 1.6 Armour
 - Level 2.6 Dodging


You had 13 spell levels left.
You didn't know any spells.
Your spell library contained the following spells:

 Spells                   Type           Power        Failure   Level  Hunger
 Beastly Appendage        Tmut           #.....       36%         1    ##.....
 Corona                   Hex            #......      36%         1    ##.....
 Flame Tongue             Conj/Fire      #....        36%         1    ##.....
 Sandblast                Erth           #.....       36%         1    ##.....
 Shock                    Conj/Air       #...         36%         1    ##.....
 Passwall                 Tmut/Erth      #.......     50%         2    ###....
 Slow                     Hex            #.......     50%         2    ###....
 Sticks to Snakes         Tmut           #.......     50%         2    ###....
 Swiftness                Chrm/Air       #.......     50%         2    ###....
 Throw Flame              Conj/Fire      #.....       50%         2    ###....
 Conjure Flame            Conj/Fire      #.......     75%         3    ####...
 Ignite Poison            Fire/Tmut/Pois #.......     75%         3    ####...
 Inner Flame              Hex/Fire       #.......     75%         3    ####...
 Portal Projectile        Hex/Tloc       #.....       75%         3    ####...
 Spider Form              Tmut/Pois      #.........   75%         3    ####...
 Static Discharge         Conj/Air       #.......     75%         3    ####...
 Stone Arrow              Conj/Erth      #.....       75%         3    ####...
 Airstrike                Air            #.........   98%         4    #####..
 Cause Fear               Hex            #.........   98%         4    #####..
 Ice Form                 Ice/Tmut       #.......     98%         4    #####..
 Leda's Liquefaction      Hex/Erth       #.........   98%         4    #####..
 Petrify                  Tmut/Erth      #.......     98%         4    #####..
 Sticky Flame             Conj/Fire      #.......     98%         4    #####..
 Blade Hands              Tmut           #.........   100%        5    ######.
 Bolt of Magma            Conj/Fire/Erth #.........   100%        5    ######.
 Fireball                 Conj/Fire      #.........   100%        5    ######.
 Irradiate                Conj/Tmut      #.........   100%        5    ######.
 Iskenderun's Battlesphe  Conj/Chrm      #.......     100%        5    ######.
 Lee's Rapid Deconstruct  Erth           #.........   100%        5    ######.
 Lightning Bolt           Conj/Air       #.........   100%        5    ######.
 Venom Bolt               Conj/Pois      #.........   100%        5    ######.
 Bolt of Fire             Conj/Fire      #.........   100%        6    #######
 Hydra Form               Tmut           #.........   100%        6    #######
 Iron Shot                Conj/Erth      #.........   100%        6    #######
 Statue Form              Tmut/Erth      #........    100%        6    #######
 Dragon Form              Tmut           #.........   100%        7    #######
 Orb of Destruction       Conj           #.........   100%        7    #######
 Ring of Flames           Chrm/Fire      #.........   100%        7    #######
 Spellforged Servitor     Conj/Summ      #.........   100%        7    #######
 Ignition                 Fire           #.........   100%        8    #######


Dungeon Overview and Level Annotations

Branches:
Dungeon (13/15)            Temple (1/1) D:6            Lair (6/6) D:8
  Swamp (0/4) Lair:3        Snake (0/4) Lair:4        Slime (0/5) Lair:6
    Orc (2/2) D:10            Elf (0/3) Orc:2         IceCv (visited)
 Vaults: D:13-14

Shops:
D:6 %   D:10 :   Orc:2 *((=

Annotations:
D:7 1 runed translucent door, Crazy Yiuf
D:9 1 transporter
Orc:2 3 runed translucent doors, 1994's ghost, journeyman DgAE; Squonk's ghost, adept HaHu


Innate Abilities, Weirdness & Mutations

You have an increased reservoir of magic. (+10% MP)


Message History

You hit the vault guard but do no damage.
The vault guard is severely wounded.
Something hits you!
* * * LOW HITPOINT WARNING * * *
Something drains your vigour!
You feel as though you will be slow longer.
The vault guard seems less confused.
The vault guard hits you from afar with a +0 glaive!
* * * LOW HITPOINT WARNING * * *
Something hits you!
* * * LOW HITPOINT WARNING * * *
You feel much better. The vault guard closely misses you. Something hits you!
* * * LOW HITPOINT WARNING * * *
Something drains your vigour!
You feel as though you will be slow longer.
Unknown command.
Unknown command.
As you read the scroll of teleportation, it crumbles to dust.
You feel strangely unstable. Something hits you!!
You die...

### ####
..#################..#
.....................#
....^.....########...####
..........#......#......#
..........#...p†{#......#
..........#.####@#......#
..........# #.#......#
......>##.# #........#
######.##.# #........#
#.##.# #........# #.##.#
#.#......#
#.##.######.#......#
######.##...............#
.......##.########......#


You could see a vault guard.

Vanquished Creatures
  2 dire elephants
  Snorg (D:10)
  An ice dragon (D:13)
  4 hydras
  A catoblepas (Lair:6)
  Erica (D:11)
  17 death yaks
  A two-headed ogre (D:8)
  2 lindwurms (Lair:6)
  9 orc knights (Orc:2)
  2 cyclopes
  3 ugly things
  4 centaur zombies
  A torpor snail (Lair:6)
  3 black mambas
  24 elephants
  9 spiny frogs
  A spiny frog (shapeshifter) (D:9)
  4 rime drakes
  7 komodo dragons
  6 trolls
  Grinder (D:4)
  3 tyrant leeches (Lair:3)
  A hornet (D:12)
  2 dream sheep (Lair:6)
  14 blink frogs
  A meliai zombie (D:11)
  12 hippogriffs
  Sigmund (D:4)
  A shadow (D:13)
  3 wyverns
  A vampire (D:12)
  A spriggan (D:11)
  33 yaks
  3 basilisks
  A wraith (D:11)
  Menkaure (D:4)
  5 nagas (Lair:4)
  An acid dragon (D:11)
  2 swamp worms (Lair:3)
  6 wargs
  2 hungry ghosts
  8 water moccasins
  3 porcupines
  9 ice beasts
  A black bear (D:8)
  41 orc warriors
  2 phantoms
  An eye of draining (D:12)
  2 necrophages (D:10)
  4 sky beasts
  2 ogres
  5 wolves
  10 centaurs
  19 crocodiles
  22 bullfrogs
  A gnoll sergeant (D:7)
  2 scorpions
  11 killer bees
  3 wights (D:11)
  3 electric eels (D:6)
  4 crimson imps
  A bullfrog zombie (D:6)
  3 jellies
  24 orc wizards
  11 orc priests
  5 hounds
  3 bullfrog skeletons
  A gnoll shaman (D:8)
  Jessica (D:2)
  5 centaur skeletons
  4 iguanas
  9 worker ants
  A hound skeleton (D:9)
  Robin (D:2)
  14 adders
  11 gnolls
  5 shadow imps
  2 oozes
  An adder zombie (D:8)
  A worm (D:2)
  A dart slug (D:1)
  3 leopard geckos
  87 orcs
  A giant cockroach (D:1)
  12 goblins
  12 hobgoblins
  10 jackals
  6 kobolds
  2 quokkas
  4 bats
  8 frilled lizards
  A jackal skeleton (D:5)
  A leopard gecko skeleton (D:6)
  A leopard gecko zombie (D:6)
  2 quokka skeletons
  A quokka zombie (D:2)
  6 rats
  A plant (Lair:5)
613 creatures vanquished.

Vanquished Creatures (collateral kills)
  2 killer bees (D:9)
  A howler monkey (D:10)
3 creatures vanquished.

Vanquished Creatures (others)
  An ogre (D:6)
  A worm (D:6)
  A jackal (D:6)
  4 fungi
  4 plants
  4 withered plants (Orc:2)
15 creatures vanquished.

Grand Total: 631 creatures vanquished

Notes
Turn   | Place    | Note
-------+----------+-------------------------------------------
     0 | D:1      | Johnny the Demigod Gladiator began the quest for the Orb.
     0 | D:1      | Reached XP level 1. HP: 17/17 MP: 3/3
    86 | D:1      | Reached skill level 3 in Polearms
   115 | D:1      | Reached XP level 2. HP: 13/24 MP: 4/4
  1016 | D:2      | Reached XP level 3. HP: 19/29 MP: 5/5
  1022 | D:2      | Reached skill level 4 in Polearms
  1048 | D:2      | Noticed Robin
  1079 | D:2      | Killed Robin
  1372 | D:2      | Noticed Jessica
  1390 | D:2      | Killed Jessica
  1390 | D:2      | Reached XP level 4. HP: 22/36 MP: 6/6
  1774 | D:2      | Reached skill level 5 in Polearms
  2952 | D:3      | Reached XP level 5. HP: 41/41 MP: 7/7
  3522 | D:4      | Found a snail-covered altar of Cheibriados.
  3526 | D:4      | Noticed Grinder
  3539 | D:4      | Paralysed by Grinder for 6 turns
  3549 | D:4      | Killed Grinder
  3549 | D:4      | Reached skill level 6 in Polearms
  3549 | D:4      | Reached XP level 6. HP: 27/48 MP: 8/8
  3716 | D:4      | Noticed Menkaure
  3727 | D:4      | Killed Menkaure
  3727 | D:4      | Reached skill level 7 in Polearms
  3978 | D:4      | Noticed Sigmund
  3989 | D:4      | Killed Sigmund
  3989 | D:4      | Reached skill level 8 in Polearms
  3989 | D:4      | Reached XP level 7. HP: 34/53 MP: 5/9
  4469 | D:5      | Entered Level 5 of the Dungeon
  4681 | D:5      | Reached skill level 9 in Polearms
  5220 | D:6      | Reached XP level 8. HP: 60/60 MP: 10/10
  5345 | D:6      | Found Elimnaos's Food Shoppe.
  5365 | D:6      | Reached skill level 10 in Polearms
  5550 | D:6      | Found a staircase to the Ecumenical Temple.
  5645 | D:6      | Found a shimmering altar of Xom.
  5682 | D:6      | Reached skill level 11 in Polearms
  6514 | Temple   | Entered the Ecumenical Temple
  6749 | D:7      | Noticed a hippogriff
  6778 | D:7      | Killed a hippogriff
  6778 | D:7      | Reached XP level 9. HP: 30/67 MP: 6/11
  7134 | D:7      | Found a runed translucent door.
  7135 | D:7      | Noticed Crazy Yiuf
  7639 | D:8      | Found a staircase to the Lair.
  7650 | D:8      | Reached skill level 12 in Polearms
  7904 | D:8      | Noticed a two-headed ogre
  7948 | D:8      | Killed a two-headed ogre
  7948 | D:8      | Reached skill level 13 in Polearms
  8182 | D:8      | Reached XP level 10. HP: 73/73 MP: 8/13
  8827 | D:8      | Reached skill level 14 in Polearms
  9427 | D:9      | Found a sparkling altar of Nemelex Xobeh.
  9427 | D:9      | Found a transporter.
  9427 | D:9      | Noticed a stone giant
  9684 | D:10     | Entered Level 10 of the Dungeon
  9815 | D:10     | Found Noepheod's Book Shoppe.
  9938 | D:10     | Noticed Snorg
 10134 | Lair:1   | Entered Level 1 of the Lair of Beasts
 10750 | Lair:1   | Reached XP level 11. HP: 69/85 MP: 9/14
 10980 | Lair:1   | Reached skill level 15 in Polearms
 11332 | Lair:2   | Reached skill level 5 in Fighting
 12337 | Lair:3   | Noticed a death yak
 12337 | Lair:3   | Noticed a death yak
 12337 | Lair:3   | Noticed a death yak
 12341 | Lair:3   | Noticed a death yak
 12357 | Lair:3   | Killed a death yak
 12357 | Lair:3   | Reached skill level 16 in Polearms
 12367 | Lair:3   | Killed a death yak
 12390 | Lair:3   | Found a staircase to the Swamp.
 12854 | Lair:3   | Reached XP level 12. HP: 94/100 MP: 13/15
 13030 | Lair:3   | Noticed a seven-headed hydra
 13044 | Lair:3   | Killed a seven-headed hydra
 13538 | Lair:3   | Reached skill level 17 in Polearms
 13856 | Lair:4   | Noticed a four-headed hydra
 13870 | Lair:4   | Killed a four-headed hydra
 14414 | Lair:4   | Found a staircase to the Snake Pit.
 15104 | Lair:5   | Reached XP level 13. HP: 89/111 MP: 9/16
 15494 | Lair:5   | Noticed a dire elephant
 15502 | Lair:5   | Reached skill level 18 in Polearms
 15519 | Lair:5   | Killed a dire elephant
 15721 | Lair:5   | Reached skill level 10 in Fighting
 15857 | Lair:5   | You fall into a shaft and drop 1 floor!
 15857 | Lair:6   | Entered Level 6 of the Lair of Beasts
 16265 | Lair:6   | Found a viscous altar of Jiyva.
 16265 | Lair:6   | Found a staircase to the Slime Pits.
 16606 | Lair:6   | Noticed a dire elephant
 16636 | Lair:6   | Killed a dire elephant
 16926 | Lair:6   | Reached skill level 19 in Polearms
 17509 | D:10     | Killed Snorg
 18160 | D:10     | Found a staircase to the Orcish Mines.
 18528 | D:11     | Reached XP level 14. HP: 70/123 MP: 7/17
 18949 | Orc:1    | Entered Level 1 of the Orcish Mines
 19102 | Orc:1    | Found a frozen archway.
 19111 | IceCv    | Entered an ice cave
 19199 | IceCv    | Found a transporter.
 19355 | Orc:2    | Entered Level 2 of the Orcish Mines
 19480 | Orc:1    | You fall into a shaft and drop 1 floor!
 19608 | Orc:2    | HP: 2/124 [orc knight/+0 great mace (12)]
 19824 | Orc:2    | Found Onlyj's Weapon Shop.
 19824 | Orc:2    | Found Qyaklab's Jewellery Shoppe.
 19974 | Orc:2    | Found a staircase to the Elven Halls.
 20041 | Orc:2    | Found a runed translucent gate.
 20041 | Orc:2    | Found a runed translucent gate.
 20045 | Orc:2    | Found a runed translucent gate.
 20048 | Orc:2    | Noticed 1994's ghost (journeyman DgAE)
 20048 | Orc:2    | Noticed Squonk's ghost (adept HaHu)
 20231 | Orc:2    | Found a roughly hewn altar of Beogh.
 20257 | Orc:2    | Found Afer's Weapon Shoppe.
 20366 | Orc:2    | Found Sibluph's General Store.
 20371 | Orc:2    | Bought a potion of ambrosia for 88 gold pieces
 20371 | Orc:2    | Bought a scroll of teleportation for 33 gold pieces
 20987 | D:11     | Noticed Erica
 21001 | D:11     | Killed Erica
 21732 | D:12     | Reached skill level 1 in Armour
 22283 | D:13     | HP: 4/125 [something (17)]
 22284 | D:13     | Mangled by a shadow wraith

Levels and vault maps discovered:
D:1:      dpeg_arrival_chambers_temple_mockup, layout_basic
D:2:      layout_loops_corners, corexii_hall_statues_deadend, uniq_jessica,
          uniq_robin
D:3:      layout_basic, serial_bayou, serial_bayou_lake_a, serial_bayou_pond_a,
          serial_bayou_lagoon_a, serial_bayou_pond_c, serial_bayou_pond_a
D:4:      layout_basic, lemuel_doored_altar, uniq_menkaure, uniq_grinder,
          uniq_sigmund
D:5:      cheibrodos_quashed, layout_cave_pools, first_ration,
          kennysheep_windowed_goal
D:6:      layout_basic, minmay_temple_entry_offerings, serial_shops, shop,
          minivault_14, xom_confusion_cloud
D:7:      layout_loops_ring, minmay_misc_feat_rows, minmay_misc_feat_square,
          uniq_crazy_yiuf_cottage
D:8:      layout_basic, lair_entry_dummy
D:9:      minmay_opposing_rooms, layout_gridville, grunt_nemelex_the_gamble
D:10:     layout_layer_cave, david_orc_4, serial_shops, shop, uniq_snorg
D:11:     layout_stronghold, the_bakery, uniq_erica
D:12:     layout_roguey
D:13:     layout_irregular_city, david_vaults_4
Temple:   nicolae_temple_the_god_donut
Lair:1:   layout_cave_pods
Lair:2:   layout_chaotic_city, cheibrodos_lair_reptile_den, lemuel_fruit_fields,
          infiniplex_staircase_pool_2
Lair:3:   layout_regular_city, minmay_swamp_entry_worms, lemuel_fruit_tree
Lair:4:   layout_cave_pods, minmay_snake_entry_guardpost_medium,
          infiniplex_staircase_pool
Lair:5:   beast_lair_carwin_large_2, layout_layer_cave, grunt_megastairs_2
Lair:6:   hangedman_lair_in_review, layout_long_grid, slime_altar_1
Orc:1:    layout_caves, portal_ice_cave_rime
Orc:2:    st_orc_town, layout_caves, gammafunk_ghost_cemetery

Skill      XL: |  1  2  3  4  5  6  7  8  9 10 11 12 13 14 |
---------------+-------------------------------------------+-----
Polearms       | 3 4 5 6 8 9 11 13 14 16 17 19 | 19.9
Fighting       | 4 7 9 11 | 11.8
Armour         | 1 |  1.6
Throwing       | |  1.7
Dodging        | |  2.6

Action                   |  1- 3 |  4- 6 |  7- 9 | 10-12 | 13-15 || total
-------------------------+-------+-------+-------+-------+-------++-------
Melee: Trident           |   143 |   137 |   191 |  1250 |  1272 ||  2993
       Spear             |       |     8 |   324 |       |       ||   332
Throw: Throwing net      |       |       |       |     8 |       ||     8
Evoke: Wand              |     1 |     3 |    21 |     8 |    35 ||    68
       Sack of spiders   |       |       |       |     9 |       ||     9
  Use: Scroll            |       |       |    11 |    15 |    11 ||    37
       Potion            |       |       |     5 |     6 |     7 ||    18
 Stab: Sleeping          |     3 |       |       |       |     3 ||     6
       Confused          |     1 |       |       |       |    10 ||    11
       Held in net/web   |       |       |       |    11 |       ||    11
  Eat: Chunk             |     1 |     6 |    10 |    19 |    26 ||    62
       Ration            |       |     1 |     1 |     1 |       ||     3
Armor: Leather armour    |     2 |       |       |       |       ||     2
       Scale mail        |    32 |    47 |   106 |       |       ||   185
       Troll leather arm |       |       |     6 |   267 |   356 ||   629
Dodge: Dodged            |    68 |    57 |   134 |   487 |   516 ||  1262
